 Dungeon Crawl Stone Soup version 0.23-b1 (webtiles) character file.

Game seed: 17781789379199851482

2917 Korosensei the Reanimator (level 9, -2/68 HPs)
             Began as a Deep Dwarf Necromancer on Jan 30, 2019.
             Was a Believer of Makhleb.
             Slain by a five-headed hydra (11 damage)
             ... on level 8 of the Dungeon.
             The game lasted 00:39:22 (12147 turns).

Korosensei the Reanimator (Deep Dwarf Necromancer) Turns: 12147, Time: 00:39:24

Health: -2/68      AC:  5    Str: 12    XL:     9   Next: 50%
Magic:  15/21      EV: 12    Int: 19    God:    Makhleb [**....]
Gold:   334        SH:  0    Dex: 13    Spells: 20/24 levels left

rFire    . . .     SeeInvis .   E - +12 glaive of Prune {chop}
rCold    . . .     Gourm    .   (shield currently unavailable)
rNeg     . . .     Faith    .   u - +0 leather armour
rPois    .         Spirit   .   D - +0 helmet
rElec    .         Reflect  .   (no cloak)
rCorr    .         Harm     .   (no gloves)
MR       +....                  p - +0 pair of boots
Stlth    ++........             (no amulet)
HPRegen  0.00/turn              (no ring)
MPRegen  0.17/turn              (no ring)

@: non-regenerating
A: damage resistance, heal wounds, sense surroundings 2, no regeneration
a: Heal Wounds, Minor Destruction, Renounce Religion


You were on level 8 of the Dungeon.
You worshipped Makhleb.
Makhleb was pleased with you.
You were hungry.

You visited 2 branches of the dungeon, and saw 10 of its levels.

You collected 424 gold pieces.
You spent 90 gold pieces at shops.

Inventory:

Hand Weapons
 r - a +0 club
 s - a cursed -1 long sword
 E - the +12 glaive of Prune (weapon) {chop}
   (You found it on level 6 of the Dungeon)

   It inflicts extra damage upon your enemies.
Armour
 a - a +0 robe
 p - a +0 pair of boots (worn)
 u - a +0 leather armour (worn)
 v - a +0 buckler
 y - a +0 plate armour
 D - a +0 helmet (worn)
Jewellery
 e - an uncursed ring of protection from magic {unknown}
 q - an uncursed amulet of faith {unknown}
 z - an uncursed amulet of the acrobat {unknown}
 H - an uncursed ring of protection from cold
 I - an uncursed ring of wizardry {unknown}
 L - an uncursed ring of protection from cold
Wands
 m - a wand of iceblast (20)
 A - a wand of flame (11)
 B - a wand of paralysis (5)
Scrolls
 d - 4 scrolls of magic mapping
 f - a scroll of remove curse {unknown}
 g - 2 scrolls of enchant weapon {unknown}
 h - 7 scrolls of identify
 j - a scroll of noise {unknown}
 l - 4 scrolls of teleportation
 n - 2 scrolls of fog {unknown}
 C - 3 scrolls of fear {unknown}
 F - 3 scrolls of enchant armour {unknown}
 K - a scroll of immolation {unknown}
Potions
 b - 3 potions of brilliance {unknown}
 i - a potion of heal wounds {unknown}
 k - a potion of haste {unknown}
 o - a potion of mutation {unknown}
 t - a potion of degeneration {unknown}
 w - a potion of agility
 x - 7 potions of curing
 G - a potion of flight {unknown}
Comestibles
 c - 18 rations


   Skills:
 - Level 1.3 Armour
 - Level 2.1 Dodging
 - Level 2.4 Stealth
 + Level 8.0 Spellcasting
 + Level 10.9 Necromancy
 * Level 0.7 Evocations


You had 20 spell levels left.
You knew the following spells:

 Your Spells              Type           Power        Failure   Level  Hunger
a - Pain                  Necr           ####         1%          1    None
b - Vampiric Draining     Necr           #####.....   1%          3    None

Your spell library contained the following spells:

 Spells                   Type           Power        Failure   Level  Hunger
 Animate Skeleton         Necr           N/A          1%          1    None
 Animate Dead             Necr           N/A          1%          4    ###....
 Confusing Touch          Hex            #.....       12%         1    None
 Sting                    Conj/Pois      #...         12%         1    None
 Poisonous Vapours        Pois/Air       #.....       17%         2    None
 Confuse                  Hex            #.......     34%         3    None
 Gell's Gravitas          Tloc           #.........   34%         3    None
 Mephitic Cloud           Conj/Pois/Air  #.......     34%         3    None
 Olgreb's Toxic Radiance  Pois           #.......     75%         4    ###....
 Petrify                  Tmut/Erth      #.......     75%         4    ###....
 Metabolic Englaciation   Hex/Ice        #.........   97%         5    #####..
 Venom Bolt               Conj/Pois      #.........   97%         5    #####..
 Yara's Violent Unravell  Hex/Tmut       #.........   97%         5    #####..
 Regeneration             Chrm/Necr      Unusable     N/A         3    N/A

Dungeon Overview and Level Annotations

Branches:
Dungeon (9/15)             Temple (1/1) D:5
   Lair: D:8-11         Orc: D:9-12

Altars:
Ashenzari
Cheibriados
Dithmenos
Elyvilon
Fedhas
Gozag
Hepliaklqana
Kikubaaqudgha
Makhleb
Nemelex Xobeh
Okawaru
Qazlal
Ru
Sif Muna
Trog
Uskayaw
Vehumet
Wu Jian
Xom
Yredelemnul
Zin
The Shining One


Innate Abilities, Weirdness & Mutations

You are resistant to damage.
You can heal yourself by infusing magical energy.
You passively map the area around you.
You do not regenerate.


Message History

Aim: a five-headed hydra The five-headed hydra is moderately wounded.
You feel life coursing into your body. The five-headed hydra bites you.
* * * LOW HITPOINT WARNING * * *
The five-headed hydra closely misses you.
The five-headed hydra bites you but does no damage.
The five-headed hydra bites you.
The five-headed hydra barely misses you.
Casting: Vampiric Draining (safe; 1% risk of failure)
Confirm with . or Enter, or press ? or * to list all spells.
Aiming: Vampiric Draining (safe; 1% risk of failure)
Press: ? - help, Shift-Dir - straight line, f/p - five-headed hydra
Aim: a five-headed hydra (moderately wounded)
The five-headed hydra is moderately wounded.
You feel life coursing into your body. The five-headed hydra bites you!
* * * LOW HITPOINT WARNING * * *
The five-headed hydra misses you.
The five-headed hydra barely misses you.
The five-headed hydra bites you!
You die...

......##...# #.####.........#
.........8.###..###..#.....##
................#..........##
.........8.....#............#####
...............#.................
.........8.......................
..........................#####..
.(........................#...#..
................@D........#...'..
##........................#..[#..
#.........................#####..
#....................#...........
..............###.#..#...........
.##...........######.....#.#####.
.......†......#.#.#........# #.
..................##.##..### ##.
#..#..............#...##.### #..


You could see a five-headed hydra.

Vanquished Creatures
  A hippogriff (D:9)
  A spriggan (D:9)
  2 orc warriors
  A sky beast (D:7)
  3 ogres
  3 centaurs
  A big kobold (D:7)
  3 bullfrogs
  6 scorpions
  2 crimson imps
  An orc priest (D:7)
  2 jellies
  A bullfrog skeleton (D:5)
  7 hounds
  4 orc wizards
  2 centaur skeletons (D:7)
  5 iguanas
  Natasha (thrice) (D:2)
  4 worker ants
  A hound zombie (D:3)
  A hound skeleton (D:4)
  A howler monkey zombie (D:6)
  A worker ant zombie (D:7)
  12 gnolls
  8 adders
  A shadow imp (D:9)
  An ooze (D:3)
  2 adder skeletons
  2 adder zombies
  4 worms
  4 dart slugs
  10 leopard geckos
  14 orcs
  3 giant cockroaches
  10 goblins
  6 hobgoblins
  9 jackals
  5 quokkas
  A ball python (D:1)
  6 bats
  6 frilled lizards
  A jackal skeleton (D:4)
  14 kobolds
  6 rats
181 creatures vanquished.

Notes
Turn   | Place    | Note
-------+----------+-------------------------------------------
     0 | D:1      | Korosensei the Deep Dwarf Necromancer began the quest for
                  | the Orb.
     0 | D:1      | Reached XP level 1. HP: 15/15 MP: 3/3
   162 | D:1      | Reached XP level 2. HP: 14/22 MP: 0/4
   276 | D:1      | Reached skill level 5 in Necromancy
   722 | D:1      | Reached XP level 3. HP: 16/28 MP: 0/6
   727 | D:1      | Learned a level 3 spell: Vampiric Draining
  1028 | D:2      | Found a shadowy altar of Dithmenos.
  1029 | D:2      | Found a sparkling altar of Nemelex Xobeh.
  1139 | D:2      | Noticed Natasha
  1673 | D:2      | Found a hazy altar of Hepliaklqana.
  2012 | D:2      | Found a burning altar of Makhleb.
  2540 | D:2      | Reached XP level 4. HP: 29/36 MP: 0/7
  2719 | D:2      | Found an ornate altar of the Wu Jian Council.
  3810 | D:4      | Reached skill level 6 in Necromancy
  3810 | D:4      | Reached XP level 5. HP: 11/42 MP: 2/9
  4703 | D:4      | Found a bloodstained altar of Trog.
  5388 | D:4      | Reached XP level 6. HP: 49/49 MP: 7/11
  5479 | D:5      | Entered Level 5 of the Dungeon
  5705 | D:5      | Found a staircase to the Ecumenical Temple.
  5715 | Temple   | Entered the Ecumenical Temple
  6178 | D:2      | Became a worshipper of Makhleb the Destroyer
  6554 | D:5      | Reached skill level 1 in Armour
  6760 | D:5      | Reached skill level 7 in Necromancy
  6942 | D:5      | Reached XP level 7. HP: 21/55 MP: 0/13
  7651 | D:6      | Reached skill level 5 in Spellcasting
  7823 | D:6      | Reached * piety under Makhleb
  7991 | D:6      | Reached skill level 8 in Necromancy
  8199 | D:6      | Found Zin's Purification Station.
  8205 | D:6      | Found a glowing silver altar of Zin.
  8208 | D:6      | Bought a potion of curing for 90 gold pieces
  8236 | D:6      | Found the +12 glaive of Prune {chop}
  8255 | D:6      | Found a shattered altar of Ashenzari.
  8705 | D:2      | Killed Natasha
  8832 | D:2      | Noticed Natasha
  8837 | D:2      | Killed Natasha
  8991 | D:2      | Noticed Natasha
  8995 | D:2      | Killed Natasha
  9121 | D:7      | Reached XP level 8. HP: 42/62 MP: 9/16
  9704 | D:7      | Reached skill level 9 in Necromancy
 10980 | D:8      | Reached ** piety under Makhleb
 10980 | D:8      | Reached skill level 10 in Necromancy
 10980 | D:8      | Gained mutation: You passively map the area around you.
                  | [Deep Dwarf growth]
 10980 | D:8      | Reached XP level 9. HP: 49/68 MP: 4/19
 11820 | D:9      | Found an iron altar of Okawaru.
 12127 | D:8      | Noticed a five-headed hydra
 12147 | D:8      | Slain by a five-headed hydra

Skill      XL: |  1  2  3  4  5  6  7  8  9 |
---------------+----------------------------+-----
Necromancy     | 5 6 7 8 10 | 10.9
Spellcasting   | 2 3 4 5 7 8 |  8.0
Armour         | 1 |  1.3
Dodging        | |  2.1
Stealth        | |  2.4
Evocations     | |  0.7

Action                   |  1- 3 |  4- 6 |  7- 9 || total
-------------------------+-------+-------+-------++-------
Melee: Unarmed           |     1 |       |       ||     1
       Club              |       |    98 |     7 ||   105
       Glaive            |       |       |    55 ||    55
 Cast: Pain              |    61 |    65 |   115 ||   241
       Vampiric Draining |    23 |    46 |    95 ||   164
  Use: Scroll            |       |       |     2 ||     2
 Stab: Sleeping          |       |     1 |     2 ||     3
  Eat: Chunk             |     9 |    18 |    15 ||    42
       Ration            |       |       |     1 ||     1
Armor: Robe              |     8 |    19 |       ||    27
       Leather armour    |       |    27 |    46 ||    73
Dodge: Dodged            |    42 |   136 |   153 ||   331
